 Dungeon Crawl Stone Soup version 0.31-a0-187-gba352fbbf7 (webtiles) character file.

Game seed: 10018999399141224142

2634 gelatine the Chopper (level 9, 0/64 (66) HPs)
             Began as a Demonspawn Gladiator on June 23, 2023.
             Slain by a wight
             ... wielding a +2 dire flail
              (10 damage)
             ... on level 8 of the Dungeon.
             The game lasted 00:19:56 (6455 turns).

gelatine the Chopper (Demonspawn Gladiator)         Turns: 6455, Time: 00:19:56

HP:   0/64 (66)     AC:  9    Str: 18    XL:     9   Next: 35%
MP:   12/12         EV: 21    Int:  9    God:
Gold: 252           SH:  0    Dex: 26    Spells: 12/12 levels left

rFire   . . .        w - +3 hand axe of Vyliawin {venom, rC- rCorr Dex+3 SInv}
rCold   . . .        (no shield)
rNeg    + . .        E - +0 leather armour "Lohiydd" {*Slow rC+ rN+ Dex+7}
rPois   +            c - +0 helmet
rElec   .            B - +0 cloak
rCorr   +            j - +0 pair of gloves
SInv    +            (no boots)
Will    .....        v - amulet of the acrobat
Stlth   ++           o - +5 ring of evasion
HPRegen 0.30/turn    k - ring of poison resistance
MPRegen 0.13/turn

%: slow self (1%), acrobat
@: lightly drained
A: slimy green scales 2, ignite blood 3
a: no special abilities


You were on level 8 of the Dungeon.
You visited 2 branches of the dungeon, and saw 9 of its levels.

You collected 346 gold pieces.
You spent 94 gold pieces at shops.

Inventory:

Hand Weapons
 a - a +0 war axe
 h - a +0 heavy war axe
 w - the +3 hand axe of Vyliawin (weapon) {venom, rC- rCorr Dex+3 SInv}
   (You found it on level 5 of the Dungeon)

   Dex:       It affects your dexterity (+3).
   rC:        It makes you vulnerable to cold.
   SInv:      It lets you see invisible.
   rCorr:     It protects you from acid and corrosion.
Missiles
 d - 2 throwing nets
 e - a javelin
Armour
 c - a +0 helmet (worn)
 j - a +0 pair of gloves (worn)
 B - a +0 cloak (worn)
 E - the +0 leather armour "Lohiydd" (worn) {*Slow rC+ rN+ Dex+7}
   (You found it on level 5 of the Dungeon)

   Dex:       It affects your dexterity (+7).
   rC:        It protects you from cold.
   rN:        It protects you from negative energy.
   *Slow:     It may slow you when you take damage.
 I - a +1 pair of gloves
Magical Staves
 q - a staff of cold
Jewellery
 b - a ring of flight
 i - a +6 ring of intelligence
 k - a ring of poison resistance (right hand)
 o - a +5 ring of evasion (left hand)
 v - an amulet of the acrobat (around neck)
 x - a ring of positive energy
Wands
 D - a wand of paralysis (12)
Scrolls
 f - a scroll of teleportation
 m - a scroll of poison
 r - a scroll of enchant weapon
 s - a scroll of immolation
 u - a scroll of torment
 y - a scroll of fog
 A - a scroll of fear {unknown}
 G - a scroll of acquirement {unknown}
Potions
 g - a potion of brilliance
 l - a potion of enlightenment
 n - 3 potions of might
 p - 3 potions of resistance
 t - a potion of mutation
 z - 2 potions of curing
 C - a potion of ambrosia
 F - a potion of attraction
 H - a potion of haste {unknown}


   Skills:
 * Level 4.4 Fighting
 * Level 7.9 Axes
 * Level 4.0 Throwing
 * Level 3.5 Armour
 * Level 5.5 Dodging
 + Level 1.9 Stealth
 + Level 2.3 Spellcasting
 * Level 2.3 Evocations


You had 12 spell levels left.
You didn't know any spells.
Your spell library contained the following spells:

 Spells                   Type           Power      Damage    Failure   Level
 Blink                    Tloc           2%         N/A       52%         2
 Lesser Beckoning         Tloc           2%         N/A       52%         2
 Momentum Strike          Conj/Tloc      2%         3d8       52%         2
 Sublimation of Blood     Necr           1%         N/A       52%         2
 Petrify                  Tmut/Erth      1%         N/A       98%         4
 Irradiate                Conj/Tmut      0%         3d11      100%        5
 Malign Gateway           Summ/Tloc      0%         N/A       100%        7
 Summon Horrible Things   Summ           0%         N/A       100%        8


Dungeon Overview and Level Annotations

Branches:
Dungeon (8/15)             Temple (1/1) D:6
   Lair: D:8-11

Altars:
Dithmenos
Hepliaklqana
Nemelex Xobeh
Okawaru
Qazlal
Sif Muna
Trog
Vehumet
Wu Jian
Xom
Yredelemnul

Shops:
D:1 ([=:(   D:6 (


Innate Abilities, Weirdness & Mutations

You are mostly covered in slimy green scales. (AC +3)
Your demonic aura causes all spilled blood to erupt in flames.


Message History

The wight attacks as you move away! The wight misses you.
The steam dragon completely misses you. x2
You completely miss the steam dragon.
The steam dragon is heavily wounded.
You hit the wight.
The wight hits you from afar with a +2 trident of freezing.
You partially resist.
You feel drained. The wight freezes you. The wight misses you.
The steam dragon closely misses you. x2
The wight is engulfed in a cloud of scalding steam.
You hit the steam dragon.
The steam dragon is severely wounded.
You hit the wight but do no damage. You hit the wight.
The steam dragon is engulfed in blazing flames.
You kill the steam dragon!
The steam dragon scales are intact enough to wear.
The wight hits you from afar with a +2 trident of freezing.
You partially resist.
You feel drained. The wight freezes you. The wight misses you. x2
Your life force feels restored.
Your Throwing skill increases to level 4!
You closely miss the wight.
The wight is severely damaged.
You hit the wight but do no damage.
Unknown command.
You closely miss the wight.
The wight is severely damaged.
You hit the wight. The wight hits you with a +4 mace.
* * * LOW HITPOINT WARNING * * *
You partially resist.
You feel drained. The wight closely misses you.
The wight completely misses you.
Unknown command.
You hit the wight.
The wight is almost destroyed.
You hit the wight. x2; The wight misses you.
The wight hits you with a +4 mace.
* * * LOW HITPOINT WARNING * * *
You partially resist.
You feel drained.
The wight hits you with a +0 long sword!
* * * LOW HITPOINT WARNING * * *
The wight hits you with a +2 dire flail!
You die...

####...#.#
.........###########
#.♣.♣.#.(..........##
............)†......#
♣.♣.♣.♣.....†<.......
..._........†........
♣.♣.♣.♣z.............
......z§z§.>.........
#.♣.♣.#@z.........<..
....................#
#######........$...##
#...########## #...#
#...# #...# #####


You could see 4 wights.

Vanquished Creatures
  A hornet (D:6)
  2 steam dragons
  4 black bears
  2 ice beasts (D:7)
  An ogre (D:5)
  2 centaurs
  A phantom (D:6)
  A bullfrog (D:7)
  2 scorpions
  2 wights
  7 killer bees
  2 howler monkeys
  4 hounds
  2 orc priests (D:7)
  A jelly (D:8)
  3 iguanas
  2 sleepcaps
  2 orc wizards (D:5)
  8 gnolls
  7 adders
  2 shadow imps
  2 white imps
  3 dart slugs
  3 worms
  9 orcs
  12 ball pythons
  4 bats
  8 endoplasms
  4 giant cockroaches
  9 goblins
  9 hobgoblins
  4 jackals (D:3)
  3 quokkas
  2 frilled lizards (D:2)
  6 kobolds
  9 rats
145 creatures vanquished.

Notes
Turn   | Place    | Note
-------+----------+-------------------------------------------
     0 | D:1      | gelatine the Demonspawn Gladiator began the quest for the
                  | Orb.
     0 | D:1      | Reached XP level 1. HP: 16/16 MP: 1/1
    57 | D:1      | Reached skill level 3 in Axes
   120 | D:1      | Gained mutation: Your demonic aura sometimes causes spilled
                  | blood to erupt in flames. [demonic ancestry]
   120 | D:1      | Reached XP level 2. HP: 22/22 MP: 2/2
   126 | D:1      | Found Suunit's Antique Armour Boutique.
   175 | D:1      | Found Gosecoull's Antique Weapon Shoppe.
   364 | D:1      | Found a faded altar of an unknown god.
   412 | D:1      | Found Doomp's Jewellery Shop.
   485 | D:1      | Found Zaikkekh's Book Boutique.
   533 | D:1      | Found Kyriblas's Weapon Emporium.
   681 | D:2      | Gained mutation: Your demonic aura often causes spilled
                  | blood to erupt in flames. [demonic ancestry]
   681 | D:2      | Reached XP level 3. HP: 27/27 MP: 3/3
  1277 | D:2      | Reached XP level 4. HP: 13/33 MP: 4/4
  1557 | D:3      | Reached skill level 1 in Armour
  1634 | D:3      | Reached skill level 4 in Axes
  1713 | D:3      | Gained mutation: You are partially covered in slimy green
                  | scales. (AC +2) [demonic ancestry]
  1713 | D:3      | Reached XP level 5. HP: 38/38 MP: 5/5
  2353 | D:4      | Noticed a black bear
  2372 | D:4      | Killed a black bear
  2373 | D:4      | Reached skill level 1 in Spellcasting
  2373 | D:4      | Gained mutation: You are mostly covered in slimy green
                  | scales. (AC +3) [demonic ancestry]
  2373 | D:4      | Reached XP level 6. HP: 30/46 MP: 7/7
  3086 | D:5      | Entered Level 5 of the Dungeon
  3199 | D:5      | Reached skill level 1 in Stealth
  3199 | D:5      | Reached XP level 7. HP: 51/51 MP: 9/9
  3214 | D:5      | Reached skill level 5 in Axes
  3509 | D:5      | Identified the +3 hand axe of Vyliawin {venom, rC- rCorr
                  | Dex+3 SInv}
  3733 | D:5      | Found a sparkling altar of Nemelex Xobeh.
  3884 | D:5      | Identified the +0 leather armour "Lohiydd" {*Slow rC+ rN+
                  | Dex+7}
  4319 | D:6      | Found a shimmering blue altar of Sif Muna.
  4335 | D:6      | Reached skill level 6 in Axes
  4466 | D:6      | Noticed a hornet
  4481 | D:6      | Killed a hornet
  4482 | D:6      | Gained mutation: Your demonic aura causes all spilled blood
                  | to erupt in flames. [demonic ancestry]
  4482 | D:6      | Reached XP level 8. HP: 41/58 MP: 11/11
  4483 | D:6      | Reached skill level 1 in Evocations
  4618 | D:6      | Found a bloodstained altar of Trog.
  4697 | D:6      | Found a staircase to the Ecumenical Temple.
  4712 | Temple   | Entered the Ecumenical Temple
  5071 | D:6      | Found Nauschop's Weapon Emporium.
  5429 | D:1      | Bought a pair of gloves for 94 gold pieces
  5603 | D:7      | Reached skill level 7 in Axes
  5710 | D:7      | Found a stormy altar of Qazlal.
  5860 | D:7      | Reached skill level 5 in Dodging
  5949 | D:7      | Reached XP level 9. HP: 48/65 MP: 12/12
  6179 | D:7      | Found a radiant altar of Vehumet.
  6435 | D:8      | Found an iron altar of Okawaru.
  6455 | D:8      | Slain by a wight

Illustrated notes

Levels and vault maps discovered:
D:1:      sevenhm_arrival_forest_fort_small_4, layout_rooms,
          shapermc_ecumenical_altar_notcrosses, serial_shops, shop, shop, shop,
          shop, nicolae_shop_window_shopping
D:2:      layout_loops_ring, kennysheep_doodads, hex_large,
          kennysheep_generic_room_16
D:3:      layout_basic
D:4:      layout_loops_cross
D:5:      layout_basic, nicolae_overflow_hidden_temple,
          mainiacjoe_overflow_paths
D:6:      layout_basic, amcnicky_altar_gilded, trog_three_pillars_becter,
          minmay_temple_entry_antechambers, serial_shops, nicolae_shop_stone
D:7:      minmay_recursive_quarters, layout_basic,
          mainiacjoe_overflow_boulevard, vehumet_crystals
D:8:      layout_rooms, grunt_gozag_breadcrumbs, okawaru_trees_1,
          mainiacjoe_overflow_cross_hatched,
          grunt_temple_overflow_growth_and_decay,
          nicolae_ru_great_annihilating_truth, lair_entry_dummy, chequers_avenue
Temple:   hellmonk_temple_beads

Skill      XL: |  1  2  3  4  5  6  7  8  9 |
---------------+----------------------------+-----
Axes           | 3 4 6 7 |  7.9
Dodging        | 3 4 5 |  5.5
Throwing       | 2 3 4 |  4.0
Armour         | 1 2 3 |  3.5
Spellcasting   | 1 2 |  2.3
Stealth        | 1 |  1.9
Fighting       | 3 4 |  4.4
Evocations     | 2 |  2.3

Action                     |  1- 3 |  4- 6 |  7- 9 || total
---------------------------+-------+-------+-------++-------
  Melee: War axe           |   103 |   135 |    10 ||   248
         Punch             |       |     2 |     1 ||     3
         Hand axe          |       |       |   138 ||   138
  Throw: Throwing net      |     1 |       |     2 ||     3
         Dart              |     1 |    15 |     1 ||    17
         Javelin           |     1 |     4 |     2 ||     7
    Use: Potion            |       |     2 |       ||     2
         Scroll            |       |       |    12 ||    12
   Stab: Sleeping          |     1 |     2 |     2 ||     5
 Armour: Leather armour    |    37 |    31 |    33 ||   101
         Ring mail         |       |       |    13 ||    13
  Dodge: Dodged            |    89 |   163 |   198 ||   450

Table legend: (Time is in decaauts)
 A = Elapsed time spent in this place.
 B = Non-inter-level travel time spent in this place.
 C = Inter-level travel time spent in this place.
 D = Time resting spent in this place.
 E = Time spent auto-exploring this place.
 F = Levels seen in this place.
 G = Mean time per level.
                   A        B        C        D        E       F      G
               +--------+--------+--------+--------+--------+-----+--------+
         Total |   6537 |   6054 |    483 |      0 |   4746 |   9 |  726.3 |
       Dungeon |   6347 |   5944 |    403 |      0 |   4654 |   8 |  793.4 |
        Temple |    189 |    109 |     80 |      0 |     92 |   1 |  189.0 |
               +--------+--------+--------+--------+--------+-----+--------+

Top non-repeatable levels by time:
     D:5: 1249 daAuts
     D:4: 1022 daAuts
     D:2: 897 daAuts
     D:6: 848 daAuts
     D:7: 842 daAuts
     D:1: 763 daAuts
     D:3: 635 daAuts
  Temple: 189 daAuts
     D:8: 89 daAuts
